 Dungeon Crawl Stone Soup version 0.22-a0-42-g002c468 (webtiles) character file.

42 Timinator the Insei (level 3, 0/29 HPs)
             Began as a Vampire Transmuter on Jan 5, 2018.
             Succumbed to an adder's poison
             ... on level 2 of the Dungeon.
             The game lasted 00:08:27 (964 turns).

Timinator the Insei (Vampire Transmuter)             Turns: 964, Time: 00:08:28

Health: 0/29       AC:  2    Str:  9    XL:     3   Next: 35%
Magic:  6/6        EV: 18    Int: 15    God:
Gold:   87         SH:  0    Dex: 20    Spells: 5/6 levels left

rFire    . . .     SeeInvis +     - Unarmed
rCold    . . .     Gourm    .   (no shield)
rNeg     . . .     Faith    .   g - +0 robe
rPois    .         Spirit   .   (no helmet)
rElec    .         Reflect  .   (no cloak)
rCorr    .         Harm     .   (no gloves)
MR       .....                  (no boots)
Stlth    +++.......             (no amulet)
HPRegen  0.29/turn              (no ring)
MPRegen  0.10/turn              (no ring)

@: agile, lethally poisoned (0 -> -3), regenerating quickly
A: fangs 3, see invisible, unbreathing
a: no special abilities


You were on level 2 of the Dungeon.
You were full.

You visited 1 branch of the dungeon, and saw 2 of its levels.

You collected 87 gold pieces.

Inventory:

Missiles
 a - 12 arrows
Armour
 g - a +0 robe (worn)
Scrolls
 b - a scroll of identify {unknown}
 d - a scroll of fear {unknown}
 h - a scroll of blinking {unknown}
 i - 2 scrolls of remove curse {unknown}
 j - 2 scrolls of random uselessness {unknown}
 k - a scroll of noise {unknown}
Potions
 f - 7 potions of blood
 l - 2 potions of haste
Books
 c - a book of Changes

   Spells                             Type                      Level
   a - Beastly Appendage              Transmutation                1
   b - Sticks to Snakes               Transmutation                2
   c - Spider Form                    Transmutation/Poison         3
   d - Ice Form                       Ice/Transmutation            4
   e - Blade Hands                    Transmutation                5


   Skills:
 * Level 3.0 Fighting
 - Level 2.1 Dodging
 - Level 3.2 Unarmed Combat
 - Level 2.0 Spellcasting
 - Level 2.1 Transmutations


You had 5 spell levels left.
You knew the following spells:

 Your Spells              Type           Power        Failure   Level  Hunger
a - Beastly Appendage     Tmut           #.....       9%          1    #......


Dungeon Overview and Level Annotations

Branches:
Dungeon (2/15)

Altars:


Innate Abilities, Weirdness & Mutations

Your natural rate of healing is unusually fast.
You have razor-sharp teeth.
You have supernaturally acute eyesight. (SInv)
You can survive without breathing.


Message History

You feel sick. The adder bites you.
* * * LOW HITPOINT WARNING * * *
The adder bites you.
* * * LOW HITPOINT WARNING * * *
You miss the adder.
The adder is almost dead.
* * * LOW HITPOINT WARNING * * *
You feel sick. The adder barely misses you.
You barely miss the adder.
The adder is almost dead.
* * * LOW HITPOINT WARNING * * *
You feel sick. The adder misses you.
* * * LOW HITPOINT WARNING * * *
You feel sick. The adder closely misses you. The adder closely misses you.
The adder completely misses you.
* * * LOW HITPOINT WARNING * * *
You feel sick. The adder barely misses you.
* * * LOW HITPOINT WARNING * * *
You feel sick. The adder bites you but does no damage.
You die...

########### .........#
.....###.#
##########.###.### #
...........<....#
####.####........#.#.#.#
....................>#.#
###.##.#........#.#.#.#
#@####.##..#.#.#.# #S#
#.##..#.###.#
#.####.##..#.#...#
#..........#.#.###
#.#######..#.#.# #.#
#..#.#.# #.# #..#.#.#
#.# #..#...# #..#####


You could see an adder.

Vanquished Creatures
  An adder (D:1)
  An ooze (D:1)
  A leopard gecko (D:1)
  4 bats (D:1)
  2 giant cockroaches (D:1)
  4 goblins (D:1)
  3 hobgoblins (D:1)
  3 kobolds (D:1)
  A frilled lizard (D:1)
  6 rats (D:1)
26 creatures vanquished.

Notes
Turn   | Place    | Note
-------+----------+-------------------------------------------
     0 | D:1      | Timinator the Vampire Transmuter began the quest for the Orb.
     0 | D:1      | Reached XP level 1. HP: 14/14 MP: 3/3
    25 | D:1      | Reached skill level 1 in Fighting
    64 | D:1      | Reached XP level 2. HP: 10/22 MP: 5/5
   605 | D:1      | Reached XP level 3. HP: 26/28 MP: 6/6
   962 | D:2      | HP: 1/29 [poisoned by an adder]
   964 | D:2      | Succumbed to an adder's poison

Vault maps used:
D:1:      kennysheep_arrival_forest, minmay_ruptured
D:2:      lemuel_doored_altar

Skill      XL: |  1  2  3 |
---------------+----------+-----
Fighting       | 1 2 3 |  3.0
Dodging        | |  2.1
Unarmed Combat | |  3.2
Spellcasting   | |  2.0
Transmutations | |  2.1

Action                   || total
-------------------------++-------
Melee: Unarmed           ||   114
       Punch             ||     2
       Kick              ||     3
       Bite              ||     6
       Headbutt          ||     1
 Cast: Beastly Appendage ||     4
  Use: Potion            ||     3
  Eat: Corpse            ||     4
Armor: Robe              ||    23
Dodge: Dodged            ||    77

Table legend:
 A = Spawn XP
 B = Non-spawn XP
 C = Spawn XP percentage of total XP
 D = Spawn monster count
 E = Non-spawn monster count
 F = Spawn count percentage of total count
 G = Total turns spent on level
                    A         B        C        D         E        F      G
               +---------+---------+-------+---------+---------+-------+---------
         Total |       0 |      61 |   0.0 |       0 |      26 |   0.0 |   964
               +---------+---------+-------+---------+---------+-------+---------
           D:1 |       0 |      61 |   0.0 |       0 |      26 |   0.0 |   893
               +---------+---------+-------+---------+---------+-------+---------
